 Dungeon Sprint DCSS version 0.19.0-20-gbc5f0c6 (webtiles) character file.

20902 equalderp2856 the Sabretooth (level 12, -30/59 (60) HPs)
             Began as a Felid Fighter on Nov 16, 2016.
             Annihilated by Gloorx Vloq (35 damage)
             ... in the Dungeon (Sprint IX: "|||||||||||||||||||||||||||||").
             The game lasted 00:24:24 (10175 turns).

equalderp2856 the Sabretooth (Felid Fighter)       Turns: 10175, Time: 00:24:25

HP:   -30/59 (60)   AC:  3    Str: 18    XL:     12   Next: 49%
MP:   13/13         EV: 36    Int: 15    God:
Gold: 1265          SH:  0    Dex: 20    Spells: 0 memorised, 11 levels left
                                        Lives: 0   Deaths: 4

rFire  . . .     SeeInvis +       - Unarmed
rCold  + . .     Gourm    .     (armour unavailable)
rNeg   . . .     Faith    .     (shield unavailable)
rPois  .         Spirit   .     (helmet unavailable)
rElec  .         Reflect  .     (cloak unavailable)
rCorr  .         Harm     .     (gloves unavailable)
MR     +....     NoTele   +     (boots unavailable)
Stlth  +++++++++.               (no amulet)
                                n - +3 ring of intelligence
                                m - +3 ring of dexterity

@: mighty, lethally poisoned (-30 -> -68), non-regenerating, diseased, slowed,
slow
A: no armour, no weapons or thrown items, stealth, claws 1, fangs 3, see
invisible, carnivore 3, speed 1, shaggy fur 3, slow metabolism 1, sharp paws
a: no special abilities


You were in the Dungeon.
You were not hungry.

You visited 1 branch You collected 1889 gold pieces.
You spent 624 gold pieces at shops.

Inventory:

Armour
 u - a +0 hat of magic resistance
Jewellery
 m - a +3 ring of dexterity (left paw)
 n - a +3 ring of intelligence (right paw)
 x - an uncursed ring of protection from cold
 y - an uncursed ring of fire
 z - an uncursed ring of fire
Wands
 l - a wand of lightning (7/15)
 s - a wand of iceblast (6/15)
 v - a wand of flame (22/48)
 C - a wand of iceblast (6/15)
Scrolls
 h - 2 scrolls of blinking
 j - 4 scrolls of remove curse
 k - 2 scrolls of amnesia
 q - a scroll of identify
 r - 2 scrolls of fear
 A - a scroll of fog
Potions
 e - a potion of haste
 f - 4 potions of magic
 g - a potion of berserk rage
 i - a potion of invisibility
 o - 3 potions of cure mutation
 p - a potion of resistance
 t - a potion of flight {unknown}
 w - a potion of brilliance {unknown}
 B - a potion of mutation {unknown}
Miscellaneous
 d - a lamp of fire (inert)
Comestibles
 b - 11 meat rations


   Skills:
 + Level 11.2 Fighting
 + Level 19.8 Dodging
 + Level 26.1 Stealth
 O Level 27 Unarmed Combat


You had 11 spell levels left.
You didn't know any spells.

Dungeon Overview and Level Annotations

Branches:
Dungeon (1/1)

Altars:
Cheibriados
Dithmenos
Elyvilon
Fedhas
Gozag
Hepliaklqana
Kikubaaqudgha
Makhleb
Nemelex Xobeh
Okawaru
Qazlal
Ru
Sif Muna
Trog
Uskayaw
Vehumet
Xom
Yredelemnul
Zin
The Shining One
Beogh
Jiyva
Lugonu

Shops:
D ((}[

Annotations:
D Gloorx Vloq


Innate Abilities, Weirdness & Mutations

You cannot wear armour.
You are incapable of wielding weapons or throwing items.
Your paws allow you to move quietly. (Stealth)
You have sharp claws.
You have razor-sharp teeth.
You have supernaturally acute eyesight. (SInv)
You are carnivorous and can eat meat at any time.
You cover ground quickly.
Your thick and shaggy fur keeps you warm. (AC +3, rC+)
You have a slow metabolism.
Your sharp claws are effective at attacking unaware monsters.


Message History

The foul vapour misses you.
The Executioner gestures.
You closely miss Gloorx Vloq.
Gloorx Vloq is moderately wounded.
You are engulfed in dark miasma.
You are lethally poisoned!
You feel your flesh rotting away!
You feel ill.
You feel yourself slow down.
* * * LOW HITPOINT WARNING * * *
x2 You feel sick.
Gloorx Vloq completely misses you.
You scratch Gloorx Vloq but do no damage.
Gloorx Vloq is moderately wounded.
You are engulfed in dark miasma.
You are more poisoned.
* * * LOW HITPOINT WARNING * * *
x2 You feel sick.
Gloorx Vloq gestures at you. The foul vapour misses you. Gloorx Vloq hits you!!
Ouch! That really hurt!
You die...

..........).......).....).[....).
▓▓▓▓▓▓▓▓▓▓▓▓▓▓▓▓▓▓▓▓▓▓▓▓▓▓▓▓▓▓▓▓▓
))))))))...)..)))).))÷...÷)).....
▓▓▓▓▓▓▓▓▓▓▓▓▓▓▓▓▓▓▓▓▓▓▓▓▓▓▓▓▓▓▓▓▓
...........)..........)..........
▓▓▓▓▓▓▓▓▓▓▓▓▓▓▓▓▓▓▓▓▓▓▓▓▓▓▓▓▓▓▓▓▓
...[[[[[[[[.)))))))).=...'.......
▓▓▓▓▓▓▓▓▓▓▓▓▓▓▓▓▓▓▓▓▓▓▓▓▓▓▓▓▓▓▓▓▓
.........§§§§§§§@&1............).
▓▓▓▓▓▓▓▓▓▓▓▓▓▓▓▓▓▓▓▓▓▓▓▓▓▓▓▓▓▓▓▓▓
.......1p)&)M.§)C.c1.p1))&.M.)(1.
▓▓▓▓▓▓▓▓▓▓▓▓▓▓▓▓▓▓▓▓▓▓▓▓▓▓▓▓▓▓▓▓▓
...)....)....)..)........[.......
▓▓▓▓▓▓▓▓▓▓▓▓▓▓▓▓▓▓▓▓▓▓▓▓▓▓▓▓▓▓▓▓▓
pc.p..†..).)p...['.p.........([).
▓▓▓▓▓▓▓▓▓▓▓▓▓▓▓▓▓▓▓▓▓▓▓▓▓▓▓▓▓▓▓▓▓


You could see Gloorx Vloq and an Executioner.

Vanquished Creatures
  Rupert (D)
  Gastronok (D)
  Kirke (D)
  A thorn hunter (D)
  A storm dragon (D)
  A fire giant (D)
  An entropy weaver (D)
  A very ugly thing (D)
  A vampire knight (D)
  Nessos (D)
  2 stone giants (D)
  Azrael (D)
  Snorg (D)
  2 ettins (D)
  2 fire dragons (D)
  Josephine (D)
  Erolcha (D)
  2 yaktaur captains (D)
  A rakshasa (D)
  4 ice dragons (D)
  A hydra (D)
  An ogre mage (D)
  An anaconda (D)
  A catoblepas (D)
  An alligator (D)
  A centaur warrior (D)
  A deep troll shaman (D)
  A deep troll earth mage (D)
  Urug (D)
  2 tengu warriors (D)
  7 orc high priests (D)
  A naga sharpshooter (D)
  A salamander mystic (D)
  3 sea snakes (D)
  A glowing orange brain (D)
  3 swamp dragons (D)
  A necromancer (D)
  3 wolf spiders (D)
  An orc knight (D)
  An orc sorcerer (D)
  A manticore (D)
  An elephant (D)
  2 vault sentinels (D)
  2 black mambas (D)
  Joseph (D)
  2 naga magi (D)
  A gargoyle (D)
  2 spiny frogs (D)
  A komodo dragon (D)
  3 yaktaurs (D)
  A rime drake (D)
  A freezing wraith (D)
  2 guardian mummies (D)
  2 merfolk (D)
  2 trolls (D)
  3 jumping spiders (D)
  4 polar bears (D)
  A hornet (D)
  A bog body (D)
  A hippogriff (shapeshifter) (D)
  A hippogriff (D)
  A snapping turtle (D)
  A redback (D)
  A shadow (D)
  2 fire elementals (D)
  A tarantella (D)
  3 wraiths (D)
  A water elemental (D)
  3 hogs (D)
  Eustachio (D)
  A vampire mosquito (D)
  2 nagas (D)
  An insubstantial wisp (D)
  6 water moccasins (D)
  3 hell hounds (D)
  3 porcupines (D)
  8 orc warriors (D)
  A sky beast (D)
  4 black bears (D)
  An ogre (D)
  A crocodile (D)
  A crocodile (shapeshifter) (D)
  2 bullfrogs (D)
  A scorpion (D)
  A jelly (D)
  4 orc wizards (D)
  10 orc priests (D)
  A worker ant (D)
  An iguana (D)
  2 adders (D)
  A shadow imp (D)
  2 adder zombies (D)
  A dart slug (D)
  A leopard gecko (D)
  7 orcs (D)
  A bat (D)
  A bat zombie (D)
  A ball python skeleton (D)
  A frilled lizard (D)
  A giant cockroach zombie (D)
  A jackal zombie (D)
  2 kobolds (D)
  A rat (D)
184 creatures vanquished.

Vanquished Creatures (others)
  2 humans (D)
2 creatures vanquished.

Grand Total: 186 creatures vanquished

Notes
Turn   | Place    | Note
-------+----------+-------------------------------------------
     0 | D        | equalderp2856 the Felid Fighter began the quest for the Orb.
     0 | D        | Reached XP level 1. HP: 10/10 MP: 2/2
   169 | D        | Noticed a scorpion
   171 | D        | Reached skill level 5 in Unarmed Combat
   180 | D        | Killed a scorpion
   180 | D        | Reached skill level 5 in Dodging
   180 | D        | Reached skill level 6 in Unarmed Combat
   180 | D        | Reached XP level 2. HP: 11/15 MP: 3/3
   180 | D        | Reached XP level 3. HP: 13/18 MP: 4/4
   189 | D        | Reached skill level 7 in Unarmed Combat
   189 | D        | Reached XP level 4. HP: 10/22 MP: 5/5
   354 | D        | Found a roughly hewn altar of Beogh.
   354 | D        | Found a snail-covered altar of Cheibriados.
   354 | D        | Found a shadowy altar of Dithmenos.
   354 | D        | Found a white marble altar of Elyvilon.
   354 | D        | Found a blossoming altar of Fedhas.
   354 | D        | Found an opulent altar of Gozag.
   355 | D        | Found a hazy altar of Hepliaklqana.
   356 | D        | Found a viscous altar of Jiyva.
   357 | D        | Found an ancient bone altar of Kikubaaqudgha.
   358 | D        | Found a corrupted altar of Lugonu.
   359 | D        | Found a burning altar of Makhleb.
   360 | D        | Found a sparkling altar of Nemelex Xobeh.
   361 | D        | Found an iron altar of Okawaru.
   362 | D        | Found a stormy altar of Qazlal.
   363 | D        | Found a sacrificial altar of Ru.
   364 | D        | Found a deep blue altar of Sif Muna.
   365 | D        | Found a bloodstained altar of Trog.
   366 | D        | Found a hide-covered altar of Uskayaw.
   367 | D        | Found a radiant altar of Vehumet.
   368 | D        | Found a shimmering altar of Xom.
   369 | D        | Found a basalt altar of Yredelemnul.
   370 | D        | Found a glowing silver altar of Zin.
   371 | D        | Found a glowing golden altar of the Shining One.
   396 | D        | Noticed an ogre
   400 | D        | Killed an ogre
   400 | D        | Reached skill level 5 in Fighting
   400 | D        | Reached skill level 8 in Unarmed Combat
   400 | D        | Reached XP level 5. HP: 26/26 MP: 6/6
   412 | D        | Reached skill level 9 in Unarmed Combat
   422 | D        | Reached skill level 5 in Stealth
   504 | D        | Noticed a water moccasin
   504 | D        | Noticed a troll
   506 | D        | Killed a troll
   506 | D        | Reached skill level 11 in Unarmed Combat
   506 | D        | Gained mutation: You are covered in thick fur. (AC +2) [Felid growth]
   506 | D        | Reached XP level 6. HP: 31/31 MP: 7/7
   530 | D        | Killed a water moccasin
   530 | D        | Reached XP level 7. HP: 26/35 MP: 8/8
   716 | D        | Noticed a hippogriff
   716 | D        | Noticed a komodo dragon
   716 | D        | Noticed a spiny frog
   716 | D        | Noticed a six-headed hydra
   718 | D        | Reached skill level 12 in Unarmed Combat
   720 | D        | Killed a six-headed hydra
   720 | D        | Reached skill level 13 in Unarmed Combat
   720 | D        | Reached XP level 8. HP: 40/40 MP: 9/9
   722 | D        | Reached skill level 14 in Unarmed Combat
   729 | D        | Killed a spiny frog
   729 | D        | Reached skill level 10 in Dodging
   736 | D        | HP: 2/40 [komodo dragon (27)]
  1031 | D        | Killed a komodo dragon
  1031 | D        | Reached XP level 9. HP: 43/43 MP: 10/10
  1037 | D        | Reached skill level 15 in Unarmed Combat
  1244 | D        | Noticed an elephant
  1246 | D        | Noticed a spiny frog
  1248 | D        | Noticed a rime drake
  1288 | D        | Killed an elephant
  1288 | D        | Reached skill level 16 in Unarmed Combat
  1480 | D        | Killed a spiny frog
  1480 | D        | Reached skill level 15 in Stealth
  1489 | D        | Killed a rime drake
  1677 | D        | Noticed a polar bear
  1677 | D        | Noticed a polar bear
  1678 | D        | Noticed a polar bear
  1679 | D        | Reached XP level 10. HP: 48/48 MP: 11/11
  1690 | D        | Reached skill level 17 in Unarmed Combat
  2052 | D        | Noticed Josephine
  2068 | D        | Killed Josephine
  2068 | D        | Reached skill level 18 in Unarmed Combat
  2524 | D        | Noticed Joseph
  2538 | D        | Killed Joseph
  2758 | D        | Noticed Gastronok
  2775 | D        | Killed Gastronok
  2775 | D        | Reached skill level 19 in Unarmed Combat
  2775 | D        | Reached XP level 11. HP: 52/52 MP: 12/12
  2809 | D        | Noticed an ettin
  3202 | D        | Killed an ettin
  3293 | D        | Noticed an orc high priest
  3298 | D        | Noticed an orc knight
  3300 | D        | Noticed an orc sorcerer
  3303 | D        | Killed an orc high priest
  3308 | D        | Reached skill level 20 in Unarmed Combat
  3602 | D        | Killed an orc knight
  3616 | D        | Killed an orc sorcerer
  3655 | D        | Found Obbih's Antique Armour Boutique.
  3655 | D        | Noticed an orc high priest
  3655 | D        | Noticed an orc high priest
  3656 | D        | Noticed an orc high priest
  4032 | D        | Noticed a sun demon
  4037 | D        | Killed an orc high priest
  4077 | D        | Noticed a sun demon
  4081 | D        | Killed an orc high priest
  4158 | D        | Killed an orc high priest
  4166 | D        | Found Xeawun's Gadget Shop.
  4169 | D        | Found Beuxuwit's Weapon Boutique.
  4171 | D        | Found Ketzey's Antique Weapon Shop.
  4173 | D        | Noticed an orc high priest
  4175 | D        | Noticed an orc high priest
  4176 | D        | Noticed an orc high priest
  4180 | D        | Noticed a sun demon
  4192 | D        | Noticed a sixfirhy
  4222 | D        | Slain by a sixfirhy
  4223 | D        | Reached XP level 10. HP: -2/49 MP: 11/11
  4257 | D        | Noticed Rupert
  4264 | D        | Killed Rupert
  4264 | D        | Reached skill level 21 in Unarmed Combat
  4264 | D        | Reached XP level 11. HP: 53/53 MP: 12/12
  4282 | D        | Noticed Kirke
  4286 | D        | Reached skill level 15 in Dodging
  4292 | D        | Killed Kirke
  4292 | D        | Reached skill level 22 in Unarmed Combat
  4310 | D        | Noticed a stone giant
  4310 | D        | Noticed a white very ugly thing
  4310 | D        | Noticed an ice dragon
  4310 | D        | Noticed a vampire knight
  4310 | D        | Noticed a fire dragon
  4311 | D        | Noticed a necromancer
  4314 | D        | Killed a stone giant
  4315 | D        | Noticed a rakshasa
  4318 | D        | Demolished by a white very ugly thing
  4319 | D        | Reached XP level 10. HP: -21/49 MP: 11/11
  4549 | D        | Killed an orc high priest
  4555 | D        | Noticed a soul eater
  4555 | D        | Noticed a sun demon
  4569 | D        | Killed an orc high priest
  4574 | D        | Killed an orc high priest
  4612 | D        | Bought a wand of flame (22/48) for 144 gold pieces
  4854 | D        | Noticed Erolcha
  4867 | D        | Killed Erolcha
  4867 | D        | Reached XP level 11. HP: 53/53 MP: 12/12
  4872 | D        | Noticed Urug
  4879 | D        | Killed Urug
  5026 | D        | Reached skill level 23 in Unarmed Combat
  5188 | D        | Noticed a catoblepas
  5193 | D        | Killed a catoblepas
  5208 | D        | Killed a necromancer
  5215 | D        | Killed a white very ugly thing
  5220 | D        | Killed a rakshasa
  5303 | D        | Killed a fire dragon
  5357 | D        | Killed a vampire knight
  5369 | D        | Killed an ice dragon
  5369 | D        | Reached skill level 24 in Unarmed Combat
  5662 | D        | Noticed a sea snake
  5662 | D        | Noticed a sea snake
  5664 | D        | Gained mutation: Your thick and shaggy fur keeps you warm. (AC +3, rC+) [Felid growth]
  5664 | D        | Reached XP level 12. HP: 57/57 MP: 13/13
  6142 | D        | Noticed an anaconda
  6168 | D        | Killed an anaconda
  6186 | D        | Reached skill level 25 in Unarmed Combat
  6239 | D        | Noticed an entropy weaver
  6253 | D        | Killed an entropy weaver
  6511 | D        | Noticed an alligator
  6524 | D        | Noticed a thorn hunter
  6534 | D        | Killed an alligator
  6554 | D        | Killed from afar by a thorn hunter
  6555 | D        | Reached XP level 11. HP: -14/54 MP: 12/12
  6788 | D        | Killed a swamp dragon
  6788 | D        | Reached XP level 12. HP: 46/58 MP: 13/13
  6793 | D        | Killed a thorn hunter
  6793 | D        | Reached skill level 10 in Fighting
  6793 | D        | Reached skill level 26 in Unarmed Combat
  7010 | D        | Noticed Eustachio
  7015 | D        | Noticed Snorg
  7017 | D        | Killed Eustachio
  7020 | D        | Noticed Nessos
  7022 | D        | Noticed Azrael
  7023 | D        | Killed Snorg
  7034 | D        | Killed Nessos
  7283 | D        | Killed Azrael
  7583 | D        | Noticed an ettin
  7583 | D        | Noticed an ogre mage
  7583 | D        | Noticed a deep troll shaman
  7583 | D        | Noticed a deep troll earth mage
  7583 | D        | Noticed an ice dragon
  7585 | D        | Killed an ice dragon
  7586 | D        | Noticed a yaktaur captain
  7588 | D        | Noticed a storm dragon
  7591 | D        | Killed a deep troll earth mage
  7809 | D        | Killed a deep troll shaman
  7815 | D        | Noticed a fire dragon
  7823 | D        | Killed an ogre mage
  8120 | D        | Killed an ettin
  8120 | D        | Reached skill level 27 in Unarmed Combat
  8369 | D        | Killed a yaktaur captain
  8522 | D        | Killed a fire dragon
  8527 | D        | Noticed an ice dragon
  8531 | D        | Noticed a tengu warrior
  8541 | D        | Killed a storm dragon
  8541 | D        | Reached XP level 13. HP: 37/62 MP: 14/14
  9063 | D        | Noticed a stone giant
  9076 | D        | Killed a stone giant
  9190 | D        | Noticed a fire giant
  9200 | D        | Killed a fire giant
  9666 | D        | Noticed an Executioner
  9666 | D        | Noticed Gloorx Vloq
  9672 | D        | Noticed an Executioner
  9676 | D        | Demolished by an Executioner
  9677 | D        | Reached XP level 12. HP: -14/60 MP: 13/13
  9690 | D        | Noticed a titan
  9699 | D        | Noticed an Executioner
  9699 | D        | Noticed an Executioner
  9708 | D        | HP: 3/60 [Executioner[Gloorx Vloq] (9)]
  9941 | D        | Bought a lamp of fire for 480 gold pieces
 10151 | D        | Noticed a reaper
 10166 | D        | Noticed an Executioner
 10175 | D        | Annihilated by Gloorx Vloq

Skill      XL: |  1  2  3  4  5  6  7  8  9 10 11 12 13 |
---------------+----------------------------------------+-----
Unarmed Combat | 6 7 8 11 13 14 16 21 24 27 | 27.0
Fighting       | 4 5 6 7 9 10 11 | 11.2
Dodging        | 5 6 8 9 10 11 13 16 18 19 | 19.8
Stealth        | 2 4 7 8 11 12 15 20 21 24 26 | 26.1

Action                   |  1- 3 |  4- 6 |  7- 9 | 10-12 | 13-15 || total
-------------------------+-------+-------+-------+-------+-------++-------
Melee: Unarmed           |    25 |    39 |    72 |   563 |    67 ||   766
       Bite              |     2 |     1 |    13 |    83 |    10 ||   109
       Punch             |       |     3 |     5 |    63 |    11 ||    82
Evoke: Lamp of fire      |       |       |       |     1 |       ||     1
  Use: Potion            |       |       |     1 |    16 |     1 ||    18
       Scroll            |       |       |       |       |     1 ||     1
 Stab: Sleeping          |     2 |     4 |     6 |    15 |     1 ||    28
       Distracted        |       |       |     2 |    12 |     2 ||    16
  Eat: Chunk             |       |       |       |     7 |       ||     7
       Meat ration       |       |       |       |     2 |       ||     2
Armor: Skin              |     1 |       |       |    10 |     2 ||    13
Dodge: Dodged            |    13 |    24 |    48 |   411 |    49 ||   545
